 Dungeon Crawl Stone Soup version 0.23-a0-470-g6f7cfd9 (webtiles) character file.

7 Amnesiac the Cutter (level 1, 0/10 HPs)
             Began as a Deep Elf Wanderer on Nov 26, 2018.
             Slain by a bat (1 damage)
             ... on level 1 of the Dungeon.
             The game lasted 00:00:39 (195 turns).

Amnesiac the Cutter (Deep Elf Wanderer)              Turns: 195, Time: 00:00:40

Health: 0/10       AC:  2    Str:  8    XL:     1   Next: 83%
Magic:  3/3        EV: 12    Int: 17    God:
Gold:   7          SH:  4    Dex: 14    Spells: 0/0 levels left

rFire    . . .     SeeInvis .   a - +2 short sword
rCold    . . .     Gourm    .   c - +0 buckler
rNeg     . . .     Faith    .   d - +0 robe
rPois    .         Spirit   .   (no helmet)
rElec    .         Reflect  .   (no cloak)
rCorr    .         Harm     .   (no gloves)
MR       .....                  (no boots)
Stlth    +.........             (no amulet)
HPRegen  0.03/turn              (no ring)
MPRegen  0.08/turn              (no ring)

@: no status effects
A: no striking features
a: no special abilities


You were on level 1 of the Dungeon.
You were not hungry.

You visited 1 branch of the dungeon, and saw 1 of its levels.

You collected 7 gold pieces.

Inventory:

Hand Weapons
 a - a +2 short sword (weapon)
Armour
 c - a +0 buckler (worn)
 d - a +0 robe (worn)
Scrolls
 b - a scroll of teleportation {!r}
Comestibles
 f - a ration


   Skills:
 + Level 3.1 Short Blades
   Level 2.4 Axes
 - Level 1.0 Throwing
 - Level 2.4 Dodging
 + Level 1.5 Shields


You couldn't memorise any spells.
You didn't know any spells.
Your spell library was empty.

Dungeon Overview and Level Annotations

Branches:
Dungeon (1/15)

Altars:


Message History

The hobgoblin shouts!
The hobgoblin shouts!
You block the bat's attack. The bat hits you.
The bat hits you but does no damage. The bat closely misses you.
The bat hits you. The bat hits you but does no damage.
You block the bat's attack.
You miss the bat. The bat hits you.
You hit the hobgoblin.
The hobgoblin is severely wounded.
You hit the hobgoblin.
The hobgoblin is almost dead.
You block the hobgoblin's attack. x2
You hit the hobgoblin.
You kill the hobgoblin!
The hobgoblin hits you with a +0 club.
You barely miss the hobgoblin.
The hobgoblin hits you but does no damage.
You closely miss the hobgoblin.
Your shield prevents you from hitting the hobgoblin.
The hobgoblin closely misses you.
You hit the hobgoblin.
The hobgoblin is heavily wounded.
The hobgoblin barely misses you.
You barely miss the hobgoblin.
The hobgoblin is heavily wounded.
The hobgoblin hits you with a +0 club.
* * * LOW HITPOINT WARNING * * *
You hit the hobgoblin.
You kill the hobgoblin!
The bat misses you. The bat barely misses you.
Things that are here:
a +0 club; a hobgoblin corpse The bat closely misses you.
The bat barely misses you. The bat barely misses you.
The bat barely misses you.
You closely miss the bat. You block the bat's attack.
The bat closely misses you.
You closely miss the bat. The bat hits you but does no damage.
The bat hits you.
* * * LOW HITPOINT WARNING * * *
The bat barely misses you. The bat hits you.
* * * LOW HITPOINT WARNING * * *
The bat hits you.
* * * LOW HITPOINT WARNING * * *
You are too injured to fight recklessly!
You are too injured to fight recklessly!
You are too injured to fight recklessly!
You are too injured to fight recklessly!
You hit the bat.
The bat is moderately wounded.
The bat misses you. The bat barely misses you.
You closely miss the bat.
The bat is moderately wounded.
The bat closely misses you.
You barely miss the bat.
The bat is moderately wounded.
The bat hits you but does no damage. The bat hits you.
You die...

#.#.#+##
#.#....## #
#.#.....##
..#.###........##
................#
................+
....###.........#
. ##..b....#
##.@...## ##...##
#..## .. #..# ...
##)## ....##.†#
$...#...##
#.#.....####
#..........#


You could see a bat.

Vanquished Creatures
  A goblin (D:1)
  4 hobgoblins (D:1)
5 creatures vanquished.

Notes
Turn   | Place    | Note
-------+----------+-------------------------------------------
     0 | D:1      | Amnesiac the Deep Elf Wanderer began the quest for the Orb.
     0 | D:1      | Amnesiac set off with the following items: a +2 short
                  | sword, a scroll of teleportation {!r}, a +0 buckler, a +0
                  | robe, a ration
     0 | D:1      | Reached XP level 1. HP: 10/10 MP: 3/3
   195 | D:1      | Slain by a bat

Vault maps used:
D:1:      roderic_chinese_lattice_arrival

Action                   || total
-------------------------++-------
Melee: Short sword       ||    24
 Stab: Sleeping          ||     1
Armor: Robe              ||     5
Dodge: Dodged            ||    18
Block: Buckler           ||     5

Table legend:
 A = Non-vault XP
 B = Vault XP
 C = Vault XP percentage of total XP
 D = Non-vault monster count
 E = Vault monster count
 F = Vault count percentage of total count
                 A         B        C        D         E       F
            +---------+---------+-------+---------+---------+-------
      Total |      10 |       0 |   0.0 |       5 |       0 |   0.0
            +---------+---------+-------+---------+---------+-------
        D:1 |      10 |       0 |   0.0 |       5 |       0 |   0.0
            +---------+---------+-------+---------+---------+-------
